 Dungeon Crawl Stone Soup version 0.28-a0-932-g843f935a50 (webtiles) character file.

Game seed: 10221700052980210706

0 Gargoyl the Skirmisher (level 1, -2/23 HPs)
             Began as a Gnoll Abyssal Knight on Nov 27, 2021.
             Was a Follower of Lugonu.
             Slain by an unseen horror (7 damage)
             ... on level 2 of the Abyss.
             The game lasted 00:00:31 (217 turns).

Gargoyl the Skirmisher (Gnoll Abyssal Knight)        Turns: 217, Time: 00:00:31

Health: -2/23      AC:  3    Str: 12    XL:     1   Next: 0%
Magic:  3/3        EV: 12    Int:  9    God:    Lugonu [*.....]
Gold:   0          SH:  0    Dex: 12    Spells: 0/0 levels left

rFire   . . .      SeeInvis .   a - +1 hand axe
rCold   . . .      Faith    .   (no shield)
rNeg    . . .      Spirit   .   b - +0 leather armour
rPois   .          Reflect  .   (no helmet)
rElec   .          Harm     .   (no cloak)
rCorr   .          Rampage  .   (no gloves)
Will    .....                   (no boots)
Stlth   +.........              (no amulet)
HPRegen 0.07/turn               (no ring)
MPRegen 0.08/turn               (no ring)

@: no status effects
A: fangs 1, strong nose, distributed training
a: Renounce Religion, Depart the Abyss


You were on level 2 of the Abyss.
You worshipped Lugonu.
Lugonu was aware of your devotion.
You visited 0 branches of the dungeon, and saw 0 of its levels.
You visited the Abyss 1 time.

Inventory:

Hand Weapons
 a - a +1 hand axe (weapon)
Armour
 b - a +0 leather armour (worn)


   Skills:
 + Level 6.4 Fighting
 + Level 0.0 Short Blades
 + Level 0.0 Long Blades
 + Level 4.4 Axes
 + Level 0.0 Maces & Flails
 + Level 0.0 Polearms
 + Level 0.0 Staves
 + Level 0.0 Slings
 + Level 0.0 Bows
 + Level 0.0 Crossbows
 + Level 0.0 Throwing
 + Level 4.4 Armour
 + Level 2.3 Dodging
 + Level 0.0 Stealth
 + Level 0.0 Shields
 + Level 0.0 Unarmed Combat
 + Level 0.0 Spellcasting
 + Level 0.0 Conjurations
 + Level 0.0 Hexes
 + Level 0.0 Summonings
 + Level 0.0 Necromancy
 + Level 0.0 Translocations
 + Level 0.0 Transmutations
 + Level 0.0 Fire Magic
 + Level 0.0 Ice Magic
 + Level 0.0 Air Magic
 + Level 0.0 Earth Magic
 + Level 0.0 Poison Magic
 + Level 4.4 Invocations
 + Level 0.0 Evocations


You couldn't memorise any spells.
You didn't know any spells.
Your spell library was empty.

Dungeon Overview and Level Annotations

Branches:
Dungeon (0/15)

Altars:


Innate Abilities, Weirdness & Mutations

You have very sharp teeth.
Your uncanny sense of smell can sniff out nearby items.
Your experience applies equally to all skills.


Message History

The tentacled starspawn misses you.
The tentacled starspawn tentacle-slaps you!!
Ouch! That really hurt!
* * * LOW HITPOINT WARNING * * *
Tentacles burst from the starspawn's body! 2 starspawn tentacles come into view.
The tentacled starspawn is attracted toward you.
Tentacles burst from the starspawn's body! 2 starspawn tentacles come into view.
There is a gateway leading deeper into the Abyss here.
The starspawn tentacle misses you. The starspawn tentacle grabs you.
You stop descending the stairs.
The starspawn tentacle constricts you.
* * * LOW HITPOINT WARNING * * *
Unknown command.
You escape the starspawn tentacle's grasp.
You plunge deeper into the Abyss.
Found 5 datura-tipped darts.
Unknown command.
You are suddenly pulled into a different region of the Abyss!
You feel less attractive to monsters.
A small abomination comes into view.
A small abomination is nearby!
Found a shortbow.
A rakshasa comes into view. It is wielding a +0 long sword.
The rakshasa blinks!
A thrashing horror comes into view.
The thrashing horror moves out of view.
Found an arbalest.
The thrashing horror roars!
You hear a croak. x2
Deactivating autopickup; reactivate with Ctrl-A.
You hit something. Something hits you.
The thrashing horror closely misses you.
The thrashing horror barely misses you. Something hits you but does no damage.
The thrashing horror tramples you.
* * * LOW HITPOINT WARNING * * *
You hold your ground!
The thrashing horror tramples you.
* * * LOW HITPOINT WARNING * * *
You hold your ground!
Something hits you!
You die...

.. ..#...
##.#.....
....#...
....). .#
#....
...###...#
.........# ∆
#..#.@##
#....#
...#..X##
..........#
##
.##.#..#..##
∆ #.
##.#.##..#
#.
..#..#.##.#
..###
....#....###
..... .##
.#.#.#
##...# .


You could see a thrashing horror.

Vanquished Creatures (others)
  12 starspawn tentacles (Abyss:1)
12 creatures vanquished.

Notes
Turn   | Place    | Note
-------+----------+-------------------------------------------
     0 | Abyss:1  | Gargoyl the Gnoll Abyssal Knight began the quest for the
                  | Orb.
     0 | Abyss:1  | Reached XP level 1. HP: 23/23 MP: 3/3
    40 | Abyss:1  | Noticed a tentacled starspawn
   124 | Abyss:2  | Noticed a small abomination
   204 | Abyss:2  | Noticed a rakshasa
   208 | Abyss:2  | Noticed a thrashing horror
   217 | Abyss:2  | Slain by an unseen horror

Illustrated notes

Levels and vault maps discovered:
Abyss:2:  base:
Temple

Action                   || total
-------------------------++-------
Melee: Hand axe          ||     1
  Use: Scroll            ||     1
       Potion            ||     1
Armor: Leather armour    ||     1
Dodge: Dodged            ||     5

Table legend: (Time is in decaauts)
 A = Elapsed time spent in this place.
 B = Non-inter-level travel time spent in this place.
 C = Inter-level travel time spent in this place.
 D = Time resting spent in this place.
 E = Time spent auto-exploring this place.
 F = Levels seen in this place.
 G = Mean time per level.
                   A        B        C        D        E       F      G
               +--------+--------+--------+--------+--------+-----+--------+
         Total |    216 |    216 |      0 |      0 |    164 |   2 |  108.0 |
         Abyss |    216 |    216 |      0 |      0 |    164 |   2 |  108.0 |
               +--------+--------+--------+--------+--------+-----+--------+

Top non-repeatable levels by time:
 Abyss:2: 144 daAuts
 Abyss:1: 72 daAuts
